 Dungeon Crawl Stone Soup version 0.28.0-62-gf88900778d (webtiles) character file.

Game seed: 7793709499349833217

25 cbfl8 the Covered (level 2, -1/27 HPs)
             Began as a Minotaur Fighter on Aug 29, 2023.
             Succumbed to Jessica's poison
             ... on level 2 of the Dungeon.
             The game lasted 00:00:35 (1006 turns).

cbfl8 the Covered (Minotaur Fighter)                Turns: 1006, Time: 00:00:35

Health: -1/27      AC:  7    Str: 20    XL:     2   Next: 82%
Magic:  1/1        EV:  9    Int:  5    God:
Gold:   63         SH:  4    Dex:  9    Spells: 1/1 levels left

rFire   . . .      SeeInvis .   a - +0 war axe
rCold   . . .      Faith    .   c - +0 buckler
rNeg    . . .      Spirit   .   b - +0 scale mail
rPois   .          Reflect  .   (helmet restricted)
rElec   .          Harm     .   (no cloak)
rCorr   .          Rampage  .   (no gloves)
Will    .....                   (no boots)
Stlth   ..........              (no amulet)
HPRegen 0.09/turn               (no ring)
MPRegen 0.07/turn               (no ring)

@: lethally poisoned (-1 -> -9)
A: horns 2, retaliatory headbutt
a: no special abilities


You were on level 2 of the Dungeon.
You visited 1 branch of the dungeon, and saw 2 of its levels.

You collected 63 gold pieces.

Inventory:

Hand Weapons
 a - a +0 war axe (weapon)
Armour
 b - a +0 scale mail (worn)
 c - a +0 buckler (worn)
Scrolls
 e - a scroll of magic mapping {unknown}
 f - a scroll of teleportation {unknown}
 h - 2 scrolls of identify {unknown}
Potions
 d - a potion of might
 g - a potion of degeneration {unknown}
 i - a potion of attraction {unknown}
 j - a potion of flight {unknown}
 k - a potion of curing {unknown}


   Skills:
 + Level 4.0 Fighting
 + Level 2.6 Axes
 + Level 4.0 Armour
 + Level 3.9 Shields
 * Level 0.7 Evocations


You had one spell level left.
You didn't know any spells.
Your spell library contained the following spells:

 Spells                   Type           Power      Damage    Failure   Level
 Tukima's Dance           Hex            0%         N/A       99%         3
 Passage of Golubria      Tloc           0%         N/A       100%        4
 Yara's Violent Unravell  Hex/Tmut       0%         3d3       100%        5


Dungeon Overview and Level Annotations

Branches:
Dungeon (2/15)

Altars:

Annotations:
D:2 Jessica


Innate Abilities, Weirdness & Mutations

You have a pair of horns on your head.
You reflexively headbutt those who attack you in melee.


Message History

You hit the worm.
The worm is heavily wounded.
A worm is nearby!
You slash the worm!
The worm is almost dead.
You block the worm's attack.
A worm is nearby!
You barely miss the worm. You headbutt the worm.
You kill the worm!
HP restored.
You see here a worm corpse.
Found a stone staircase leading up.
No target in view!
An adder comes into view.
The adder hisses angrily.
The adder falls through a shaft!
The shaft crumbles and collapses.
No target in view!
k - a brown potion No target in view!
You now have 63 gold pieces (gained 4).
Jessica the Apprentice Sorceress comes into view.
She is wielding a +2 dagger of venom.
Jessica shouts!
Jessica is nearby!
Jessica is nearby!
Found a large silver ring and 10 stones.
Jessica gestures at you while chanting. Pain shoots through your body!
Jessica is nearby!
You barely miss Jessica.
Jessica hits you with a +2 dagger of venom.
You are poisoned.
Jessica says, "I'm really upset."
Jessica barely misses you.
You barely miss Jessica. Your headbutt misses Jessica.
You feel very sick. Jessica gestures at you while chanting.
Pain shoots through your body!
* * * LOW HITPOINT WARNING * * *
You are too injured to fight recklessly!
You die...

#...# #####. ###
#...# #..... ... #
##...####..# #.# .(
...........# #.# ..=
...........# #.. ..
..<........# #.##.#
##...####..#####@...#
#...# ##.......#
#...# #.....##@#
#...####.....##.#
##............##.####
.....####...........#
†..#.# #.....#####.#
..###.# ###....## #
.#...#.####.....#
...#............#
.......#........#


You could see Jessica.

Vanquished Creatures
  A worm (D:2)
  2 ball pythons (D:1)
  3 bats
  A giant cockroach (D:1)
  4 hobgoblins (D:1)
  4 jackals (D:1)
  A quokka (D:1)
  A goblin (D:1)
  2 kobolds (D:1)
19 creatures vanquished.

Notes
Turn   | Place    | Note
-------+----------+-------------------------------------------
     0 | D:1      | cbfl8 the Minotaur Fighter began the quest for the Orb.
     0 | D:1      | Reached XP level 1. HP: 19/19 MP: 0/0
   158 | D:1      | Reached XP level 2. HP: 27/27 MP: 1/1
  1000 | D:2      | Noticed Jessica
  1005 | D:2      | HP: 1/27 [Jessica/nerve-wracking pain (11)]
  1006 | D:2      | Succumbed to Jessica's poison

Illustrated notes

Levels and vault maps discovered:
D:1:      saegor_arrival_simple_b, layout_loops_ring, nrook_loot_triangle
D:2:      layout_loops_cross, uniq_jessica

Skill      XL: |  1  2 |
---------------+-------+-----
Armour         | 4 |  4.0
Fighting       | 4 |  4.0
Axes           | |  2.6
Shields        | |  3.9
Evocations     | |  0.7

Action                   || total
-------------------------++-------
Melee: War axe           ||    44
       Headbutt          ||     3
Armor: Scale mail        ||    22
Dodge: Dodged            ||    28
Block: Buckler           ||    11
